[Event "NJSK 2026 Jeugd A"]
[Site "Helmond, Netherlands"]
[Date "2026.04.27"]
[Round "3.5"]
[White "Madularea, David"]
[Black "Kazarjan, Gachatur"]
[Result "0-1"]
[TimeControl "90min/40moves + 30min + 30sec/move"]
[WhiteTitle "-"]
[BlackTitle "-"]
[WhiteFideId "1070215"]
[BlackFideId "1068750"]
[WhiteElo "2261"]
[BlackElo "2272"]

1. e4 c5 2. Nf3 g6 3. c3 Bg7 4.
d4 cxd4 5. cxd4 d5 6. e5 Nc6 7. h3 Nh6 8. Bb5 O-O 9. Nc3 f6 10. exf6 Rxf6 11. O-O Rxf3 12. Qxf3 Nxd4 13. Qd3 e5 14.
Ba4 Be6 15. Bxh6 Bxh6 16. Ne2 Nc6 17. Rad1 Qf6 18. Bb3 Rd8 19. Qb5 Qf7 20. Qa4 Bf8 21. Qh4 Be7 22. Qg3 Qf5 23. Qd3 Qf7 24.
a3 Bc5 25. Qc3 Bb6 26. Ba4 d4 27. Qg3 Bc4 28. Rfe1 Bc7 29. Qh4 b5 30. Bc2 d3 31. Bxd3 Rxd3 32. Nc3 Rxd1 33. Rxd1 Qf4 34.
Qxf4 exf4 35. b3 Bxb3 36. Rd7 Be5 37. Nxb5 Be6 38. Rd2 a6 39. Nd6 Nd4 40. Ne4 Bc4 41. Kh1 Kf8 42. Rd1 Ke7 43.
Nd2 Bd5 44. Rb1 Bc7 45. Re1+ Ne6 46. Ne4 Bxe4 47. Rxe4 a5 48. Kg1 Kd6 49. Kf1 Kd5 50. Re1 Bd6 51. Rb1 Nd4 52. Rb7 Bxa3 53.
Rxh7 Bb4 54. Rg7 a4 55. Rxg6 Ne6 56. Rg8 Bf8 57. Rh8 Kc4 58. Rh5 Bc5 59. Rh6 Nc7 60. Rf6 a3 61. Rxf4+ Bd4 62.
Rf3 a2 63. Ra3 a1=Q+ 64. Rxa1 Bxa1 65. Ke2 Kd4 66. Kf3 Ke5 67. Kg4 Bd4 68. f4+ Kf6 69. Kf3 Bb2 70. g3 Ne6 71. Ke4 Bc1 72.
h4 Bd2 73. Kf3 Kg6 74. Ke2 Ba5 75. Kf3 Bc7 76. Ke4 Kh5 77. f5 Nd8 78. Kf3 Nf7 79. f6 Be5 80. Ke4 Bxg3 81. Kf5 Bxh4 82.
Kf4 Bxf6 83. Kf5 Bg5 84. Ke4 Kg4 85. Kd5 Kf5 86. Kd4 Bf4 87. Kd5 Be5 88. Kc4 Ke4 89. Kc5 Nd8 90. Kb6 Bd6 91.
Ka7 Kd5 92. Ka8 Bc5 93. Kb8 Kc6 94. Ka8 Ne6 95. Kb8 Nc7 96. Kc8 Ba7 97. Kd8 Nd5 98. Ke8 Kd6 99. Kf7 Ne7 100. Kg7 Be3 101.
Kf6 Bf4 102. Kf7 Bg5 103. Ke8 Nc6 104. Kf7 Ne5+ 105. Ke8 Kc7 106. Kf8 Kd8 107. Kg8 Ke7 108. Kg7 Ke8 109. Kg8 Bh6 110.
Kh7 Bf8 111. Kg8 Ke7 112. Kh8 Kf7 113. Kh7 Ng4 114. Kh8 Bg7+ 115. Kh7 Nf6 0-1

[Event "NJSK 2026 Jeugd A"]
[Site "Helmond, Netherlands"]
[Date "2026.04.27"]
[Round "3.6"]
[White "Arnold, Rhys"]
[Black "Van Arendonk, Polle"]
[Result "1/2-1/2"]
[TimeControl "90min/40moves + 30min + 30sec/move"]
[WhiteTitle "-"]
[BlackTitle "-"]
[WhiteFideId "1068849"]
[BlackFideId "1072048"]
[WhiteElo "2315"]
[BlackElo "2060"]

1. e4 e5 2. Nf3 Nc6 3. Bb5 a6 4. Ba4 Nf6 5. O-O Be7 6. d3 b5 7. Bb3 d6 8. Bd2 Bg4 9. c3 Na5 10.
Bc2 c5 11. h3 Be6 12. d4 Qc7 13. d5 Bd7 14. b3 O-O 15. Be3 Nb7 16. c4 bxc4 17. bxc4 Na5 18. Nbd2 Rab8 19. Ne1 Bc8 20.
Qe2 Nd7 21. Nb3 Bf6 22. Bd2 Nb7 23. Bc3 g6 24. Nd3 Bg7 25. Nd2 Nd8 26. Kh1 f6 27. f4 exf4 28. Nxf4 Ne5 29. Rf2 Ndf7 30.
Raf1 Qe7 31. Rb1 Rxb1+ 32. Bxb1 Bd7 33. Bc2 Bh6 34. Qf1 Kg7 35. Qb1 Bxf4 36. Rxf4 g5 37. Rf1 Bc8 38. Qe1 h5 39.
h4 Nh6 40. Bd1 Nhg4 41. hxg5 fxg5 42. Rxf8 Kxf8 43. Bxg4 Bxg4 44. Kg1 h4 45. a4 Kf7 46. Qf1+ Kg6 47. Qb1 Be2 48. Qe1 Bh5 49.
Qb1 g4 50. Qb8 Kh7 51. Qc8 g3 52. Qf5+ Bg6 53. Qf4 Kg8 54. a5 Qf7 55. Bxe5 dxe5 56. Qxf7+ Kxf7 57. Nb3 Ke7 58. Nxc5 Kd6 59.
Nxa6 Bxe4 60. Nb4 Bf5 61. a6 Bc8 62. a7 Bb7 63. Nd3 e4 64. Nf4 Kc5 65. Kf1 Kb6 66. d6 Bc6 67. c5+ Kxa7 68.
Ke2 Ka6 69. Ke3 Kb5 70. Kd4 e3 71. Ne2 Bd7 72. Kd5 Bc6 73. Kd4 Bd7 74. Nc3+ Kc6 75. Kxe3 Kxc5 76. Ne4+ Kc6 77. Kf4 h3 78. Kxg3 hxg2 79.
Kxg2 Bf5 80. d7 Bxe4+ 1/2-1/2

[Event "NJSK 2026 Jeugd A"]
[Site "Helmond, Netherlands"]
[Date "2026.04.27"]
[Round "3.7"]
[White "Kshirsagar, Pranav"]
[Black "Ten Kate, Gustav"]
[Result "1-0"]
[TimeControl "90min/40moves + 30min + 30sec/move"]
[WhiteTitle "-"]
[BlackTitle "-"]
[WhiteFideId "1084011"]
[BlackFideId "1095781"]
[WhiteElo "2148"]
[BlackElo "1972"]

1. d4 Nf6 2. c4 e6 3. Nf3 b6 4. g3 Ba6 5. b3 Bb4+ 6. Bd2 Be7 7. Bg2 d5 8. Nc3 O-O 9. cxd5 exd5 10.
O-O Re8 11. a3 Nbd7 12. b4 Bb7 13. Bf4 a6 14. Qb3 Nf8 15. Rac1 Ne6 16. Rfd1 Rc8 17. Ne5 Bf8 18. a4 Ne4 19.
Bh3 Nxc3 20. Rxc3 Bd6 21. Rf3 f6 22. Ng4 Nxf4 23. gxf4 Rb8 24. Ne3 Bf8 25. Rg3 Kh8 26. Kh1 Qd6 27. Rdg1 g6 28. Bf5 Bh6 29. Bxg6 Rxe3 30. fxe3 hxg6 31.
Rxg6 Qf8 32. Qc2 Bc8 33. Qxc7 Ra8 34. Rxh6+ Qxh6 35. Qd8+ 1-0

[Event "NJSK 2026 Jeugd A"]
[Site "Helmond, Netherlands"]
[Date "2026.04.27"]
[Round "3.8"]
[White "Heus, Daan"]
[Black "Fallaux, Storm"]
[Result "1-0"]
[TimeControl "90min/40moves + 30min + 30sec/move"]
[WhiteTitle "-"]
[BlackTitle "-"]
[WhiteFideId "40103757"]
[BlackFideId "1073095"]
[WhiteElo "2049"]
[BlackElo "2034"]

1. d4 d5 2. c4 dxc4 3. Nf3 Nf6 4. Nc3 c5 5. d5 e6 6. e4 b5 7. Nxb5 Qa5+ 8. Nc3 Nxe4 9. Bd2 Nd6 10.
Ne5 Qb6 11. Nxc4 Nxc4 12. Bxc4 e5 13. Qh5 Bd6 14. O-O O-O 15. Ne4 Nd7 16. f4 f5 17. Bc3 g6 18. Qg5 Bb7 19. Nxd6 Qxd6 20.
Rad1 Rae8 21. fxe5 Nxe5 22. Bb5 Nf7 23. Qd2 Re4 24. Rfe1 Qe7 25. Bd3 Rxe1+ 26. Rxe1 Qd7 27. Bc4 Nd6 28.
Bb3 Ne4 29. d6+ Rf7 30. Bxf7+ Kxf7 31. Qf4 Nxd6 32. Qe5 Ne4 33. Qg7+ Ke8 34. Qg8+ Ke7 35. Qxh7+ Kd8 36. Ba5+ Ke8 37.
Qxg6+ Kf8 38. Qh6+ Kg8 39. Qg6+ Kf8 40. Bc3 Qd5 41. Qg7+ Ke8 42. Qe5+ Kf7 43. Qxd5+ Bxd5 44. a3 Kg6 45.
Rd1 Bc6 46. Rd8 a6 47. Rc8 Bb5 48. g3 Be2 49. Kg2 Kf7 50. Be1 Ke6 51. Bf2 Kd5 52. Rf8 Ke5 53. Be3 Bg4 54. Kf1 c4 55.
Ra8 c3 56. bxc3 Nxc3 57. Ke1 Ke4 58. Bf4 1-0

[Event "NJSK 2026 Jeugd A"]
[Site "Helmond, Netherlands"]
[Date "2026.04.27"]
[Round "3.9"]
[White "Garay, Enzo"]
[Black "Xu, Alex Z"]
[Result "0-1"]
[TimeControl "90min/40moves + 30min + 30sec/move"]
[WhiteTitle "-"]
[BlackTitle "-"]
[WhiteFideId "40104125"]
[BlackFideId "40114775"]
[WhiteElo "2098"]
[BlackElo "1965"]

1. e4 c5 2. Nf3 e6 3. d4 cxd4 4. Nxd4 Nf6 5. Nc3 Nc6 6. Bf4 Bb4 7. Ndb5 Nxe4 8. Qf3 d5 9. O-O-O Nxc3 10.
bxc3 Ba5 11. Nd6+ Kf8 12. c4 Qf6 13. Kb1 e5 14. Nxc8 Rxc8 15. cxd5 Qxf4 16. Qxf4 exf4 17. dxc6 Rxc6 18.
Rd4 Bc7 19. Bc4 g5 20. Bb3 Rd6 21. Re4 Rd2 22. Rhe1 Bd6 23. a4 Kg7 24. R1e2 Rxe2 25. Rxe2 f3 26. gxf3 Bxh2 27. Re7 Bf4 28.
Bxf7 Kf6 29. Re8 Rxe8 30. Bxe8 Bd6 31. Kc1 Bc5 32. Kd2 Bxf2 33. Ke2 Bc5 34. Kf1 Ke5 35. Bf7 Kd4 36. Ke2 Kc3 37.
Kd1 Kb4 38. Be8 a6 39. Kd2 b5 40. axb5 a5 41. c3+ Kb3 42. Bf7+ Kb2 43. Kd3 a4 44. Kc4 Bb6 45. Kd5 Kxc3 46.
Kc6 Be3 47. b6 a3 48. b7 Bf4 0-1

[Event "NJSK 2026 Jeugd A"]
[Site "Helmond, Netherlands"]
[Date "2026.04.28"]
[Round "4.1"]
[White "Ritzerveld, Noah"]
[Black "Ten Dam, Bram"]
[Result "1-0"]
[TimeControl "90min/40moves + 30min + 30sec/move"]
[WhiteTitle "-"]
[BlackTitle "-"]
[WhiteFideId "1085760"]
[BlackFideId "40104877"]
[WhiteElo "2205"]
[BlackElo "2363"]

1. e4 c6 2. d4 d5 3. e5 c5 4. Nf3 cxd4 5. Qxd4 Nc6 6. Qf4 e6 7. Nc3 Bd7 8. Bd3 Nb4 9. O-O Nxd3 10.
cxd3 Ne7 11. Ne2 Ng6 12. Qg3 Be7 13. Nf4 O-O 14. Nxg6 fxg6 15. Be3 Rc8 16. Rfc1 Qa5 17. h4 Qb4 18.
b3 a5 19. Bg5 Bc5 20. Be3 Bxe3 21. fxe3 Rc3 22. Rxc3 Qxc3 23. Rd1 Qb2 24. Qf2 Qa3 25. Qd2 Rc8 26. Rf1 h6 27. Nd4 b6 28.
Qf2 Qe7 29. Qg3 Qe8 30. Qf2 b5 31. Qd2 Qd8 32. b4 Qxh4 33. bxa5 Ra8 34. Rc1 Qd8 35. Nb3 h5 36. Qb4 Qg5 37.
Qf4 Qe7 38. Qd4 g5 39. Qc5 Qd8 40. Qb6 Qe7 41. Qd6 Qxd6 42. exd6 Ra6 43. Rc7 Rxd6 44. a6 Rxa6 45. Rxd7 Rxa2 46.
Nc5 b4 47. Nxe6 b3 48. Rxg7+ Kh8 49. Rb7 b2 50. Kh2 g4 51. Kg3 b1=Q 52. Rxb1 Re2 53. Kf4 Rxg2 54. Kg5 Re2 55. Kg6 1-0

[Event "NJSK 2026 Jeugd A"]
[Site "Helmond, Netherlands"]
[Date "2026.04.28"]
[Round "4.2"]
[White "Smeets, Kobe"]
[Black "Terlouw, Wouter"]
[Result "0-1"]
[TimeControl "90min/40moves + 30min + 30sec/move"]
[WhiteTitle "-"]
[BlackTitle "-"]
[WhiteFideId "1063910"]
[BlackFideId "1087401"]
[WhiteElo "2315"]
[BlackElo "2272"]

1. e4 e5 2. Nf3 Nc6 3. Bb5 a6 4.
Ba4 Nf6 5. d3 d6 6. c3 g6 7. h3 Bg7 8. O-O O-O 9. Re1 h6 10. Nbd2 Kh7 11. Nf1 b5 12. Bc2 d5 13. a4 Be6 14.
N1d2 Nd7 15. d4 exd4 16. cxd4 Nb4 17. Bb1 c5 18. e5 cxd4 19. Nb3 Nc6 20. Bf4 bxa4 21. Nbxd4 Nxd4 22. Nxd4 Nc5 23.
Be3 Qd7 24. f4 Nb3 25. Ra3 Nxd4 26. Bxd4 Bf5 27. Bxf5 Qxf5 28. Rf3 Rac8 29. Rf2 Qh5 30. Qd3 Qf5 31. Qd1 Qh5 32. Rf3 Qf5 33.
Re2 h5 34. Kh2 Rc4 35. Ree3 Bh6 36. g4 hxg4 37. hxg4 Qxg4 38. Kh1 Rfc8 39. Rc3 a3 0-1

[Event "NJSK 2026 Jeugd A"]
[Site "Helmond, Netherlands"]
[Date "2026.04.28"]
[Round "4.3"]
[White "Dinanath, Hrdya"]
[Black "Zhu, Chenwu"]
[Result "1/2-1/2"]
[TimeControl "90min/40moves + 30min + 30sec/move"]
[WhiteTitle "-"]
[BlackTitle "-"]
[WhiteFideId "1087991"]
[BlackFideId "1080687"]
[WhiteElo "2107"]
[BlackElo "2282"]

1. e4 c5 2. Nf3 Nc6 3. Bb5 Nf6 4. Nc3 g6 5. h3 Qc7 6. d4 cxd4 7. Nxd4 Bg7 8. Be3 O-O 9. Qd2 Rd8 10.
O-O-O d5 11. Bxc6 bxc6 12. e5 Ne8 13. f4 f6 14. exf6 Bxf6 15. Nb3 Nd6 16. Bd4 Nc4 17. Qf2 Rf8 18.
Bxf6 Rxf6 19. g3 Qb6 20. Qc5 Rb8 21. Na4 Qa6 22. Nc3 Qb6 23. Na4 Qa6 1/2-1/2

[Event "NJSK 2026 Jeugd A"]
[Site "Helmond, Netherlands"]
[Date "2026.04.28"]
[Round "4.4"]
[White "Kazarjan, Gachatur"]
[Black "Krylov, Philippe"]
[Result "1-0"]
[TimeControl "90min/40moves + 30min + 30sec/move"]
[WhiteTitle "-"]
[BlackTitle "-"]
[WhiteFideId "1068750"]
[BlackFideId "1082930"]
[WhiteElo "2272"]
[BlackElo "2183"]

1. e4 c5 2. Nf3 d6 3. d4 cxd4 4. Nxd4 Nf6 5. Nc3 Nc6 6. Bg5 g6 7. Be2 Bg7 8. Nb3 Be6 9. O-O h6 10.
Bh4 g5 11. Bg3 d5 12. Nc5 O-O 13. Nxe6 fxe6 14. e5 Ne4 15. Nxe4 dxe4 16. Qe1 Nxe5 17. Qb4 Nc6 18. Qxe4 Qd5 19.
Qg4 Qf5 20. Qc4 Nd4 21. Bd3 Qd5 22. Qb4 Rac8 23. Rad1 Qc6 24. c3 Nf5 25. Rfe1 Kh8 26. Qg4 Qb6 27. Re2 Rcd8 28. Qe4 Rd5 29.
Rde1 Rfd8 30. Bc2 Bf6 31. Qg4 Qxb2 32. Bb3 Rd2 33. Rxe6 Nxg3 34. hxg3 R2d6 35. Qh5 Bg7 36. Rxd6 exd6 37.
Re8+ Rxe8 38. Qxe8+ Kh7 39. Bg8+ 1-0

[Event "NJSK 2026 Jeugd A"]
[Site "Helmond, Netherlands"]
[Date "2026.04.28"]
[Round "4.5"]
[White "Van Arendonk, Polle"]
[Black "Kshirsagar, Pranav"]
[Result "0-1"]
[TimeControl "90min/40moves + 30min + 30sec/move"]
[WhiteTitle "-"]
[BlackTitle "-"]
[WhiteFideId "1072048"]
[BlackFideId "1084011"]
[WhiteElo "2060"]
[BlackElo "2148"]

1. e4 c6 2. d4 d5 3. e5 c5 4. Nf3 cxd4 5. Nxd4 e6 6. Nd2 Nc6 7. N2f3 a6 8. Bd3 Qc7 9. Nxc6 bxc6 10.
O-O Ne7 11. c3 Ng6 12. Re1 Be7 13. h4 Bxh4 14. Nxh4 Nxh4 15. Be3 Ng6 16. Bxg6 hxg6 17. Bc5 Rh5 18. Qd4 Qd8 19. g3 f6 20.
Kg2 Kf7 21. f4 Qh8 22. Rh1 Qh7 23. Ba3 g5 24. Rxh5 Qxh5 25. Re1 Bd7 26. Qc5 Rh8 27. Qe7+ Kg6 28. f5+ exf5 29. exf6 gxf6 30.
Qxd7 Qh2+ 31. Kf3 g4+ 32. Ke3 Qxg3+ 33. Kd2 Rh2+ 34. Re2 Qf4+ 0-1

[Event "NJSK 2026 Jeugd A"]
[Site "Helmond, Netherlands"]
[Date "2026.04.28"]
[Round "4.6"]
[White "Madularea, David"]
[Black "Heus, Daan"]
[Result "1-0"]
[TimeControl "90min/40moves + 30min + 30sec/move"]
[WhiteTitle "-"]
[BlackTitle "-"]
[WhiteFideId "1070215"]
[BlackFideId "40103757"]
[WhiteElo "2261"]
[BlackElo "2049"]

1. e4 e5 2. Nf3 Nc6 3. Nc3 Nf6 4.
Nd5 Be7 5. Bd3 d6 6. c3 Be6 7. Nxe7 Qxe7 8. O-O O-O 9. Bc2 Bg4 10. Re1 Rfe8 11. h3 Bh5 12. g4 Bg6 13. d3 Qd7 14.
Bg5 Nxg4 15. hxg4 Qxg4+ 16. Kh2 Bh5 17. Re3 f5 18. Qh1 fxe4 19. dxe4 Rf8 20. Rg1 Qxf3 21. Rxf3 Bxf3 22. Rg2 h6 23. Bxh6 Rf6 24. Bxg7 Rg6 25. Bb3+ 1-0

[Event "NJSK 2026 Jeugd A"]
[Site "Helmond, Netherlands"]
[Date "2026.04.28"]
[Round "4.7"]
[White "Xu, Alex Z"]
[Black "Arnold, Rhys"]
[Result "0-1"]
[TimeControl "90min/40moves + 30min + 30sec/move"]
[WhiteTitle "-"]
[BlackTitle "-"]
[WhiteFideId "40114775"]
[BlackFideId "1068849"]
[WhiteElo "1965"]
[BlackElo "2315"]

1. e4 c5 2. Nf3 d6 3. d4 cxd4 4. Nxd4 Nf6 5. Nc3 Nc6 6. Bg5 e6 7. Qd2 a6 8. Nxc6 bxc6 9. O-O-O Be7 10.
Bxf6 gxf6 11. Bc4 Qa5 12. Rhe1 Bb7 13. Bb3 O-O-O 14. Kb1 Kb8 15. Qe2 h5 16. f4 f5 17. exf5 Qxf5 18. Bc4 Qa5 19.
f5 d5 20. Bd3 Bc8 21. fxe6 fxe6 22. Rf1 Bd6 23. Bg6 h4 24. Qd3 Bxh2 25. Ne2 Qb6 26. Rf3 Bd6 27. Qd2 Ka8 28. Rb3 Qc7 29.
Qd4 c5 30. Qa4 c4 31. Rc3 Qb6 32. Be4 Bb7 33. Nd4 Bc5 34. Nxe6 Qxe6 35. Bf3 Qb6 0-1

[Event "NJSK 2026 Jeugd A"]
[Site "Helmond, Netherlands"]
[Date "2026.04.28"]
[Round "4.8"]
[White "Fallaux, Storm"]
[Black "Ponomarev, Ivan"]
[Result "1/2-1/2"]
[TimeControl "90min/40moves + 30min + 30sec/move"]
[WhiteTitle "-"]
[BlackTitle "-"]
[WhiteFideId "1073095"]
[BlackFideId "34411003"]
[WhiteElo "2034"]
[BlackElo "1983"]

1. e4 c5 2. Nf3 d6 3. d4 cxd4 4. Nxd4 Nf6 5. Bd3 Nc6 6. Ne2 d5 7. exd5 Qxd5 8. O-O g6 9. Nbc3 Qa5 10.
Bb5 Bd7 11. Bd2 Bg7 12. Nd5 Qd8 13. Bc3 O-O 14. Nxf6+ Bxf6 15. Bxf6 exf6 16. Bxc6 Bxc6 17. Qxd8 Rfxd8 18. Rfd1 Rac8 19.
c3 f5 20. f3 Kg7 21. Kf2 Kf6 22. h4 a6 23. Nd4 Re8 24. Re1 Bd5 25. Rxe8 Rxe8 26. b3 Re7 27. c4 Be6 28. f4 Rc7 29.
a4 Bd7 30. Nf3 Bc6 31. Ne5 Be4 32. b4 Ke6 33. Rc1 a5 34. b5 f6 35. Nf3 Bxf3 36. Kxf3 Kd6 37. Ke3 Kc5 38. b6 Re7+ 39.
Kf3 Kxb6 40. Rb1+ Kc6 41. Rb5 b6 42. c5 bxc5 43. Rxa5 c4 44. Rb5 Ra7 45. Rb4 Kc5 46. Rb5+ Kd4 47.
a5 Kd3 48. Rd5+ Kc3 49. Rb5 Kc2 50. Ke3 c3 51. g3 Re7+ 52. Kf2 Ra7 53. Ke2 Kc1 54. h5 Re7+ 55. Kf2 gxh5 56. a6 Ra7 57.
Rb6 c2 58. Ke2 Re7+ 59. Kf2 Kd1 60.
Rd6+ Kc1 61. Rb6 Kd2 62. Rd6+ Kc3 63. Rc6+ Kd3 64. Rd6+ 1/2-1/2

[Event "NJSK 2026 Jeugd A"]
[Site "Helmond, Netherlands"]
[Date "2026.04.28"]
[Round "4.9"]
[White "Ten Kate, Gustav"]
[Black "Garay, Enzo"]
[Result "0-1"]
[TimeControl "90min/40moves + 30min + 30sec/move"]
[WhiteTitle "-"]
[BlackTitle "-"]
[WhiteFideId "1095781"]
[BlackFideId "40104125"]
[WhiteElo "1972"]
[BlackElo "2098"]

1. e4 e6 2. d4 d5 3. e5 c5 4.
c3 Nc6 5. Nf3 Bd7 6. Be2 f6 7. O-O fxe5 8. Nxe5 Nxe5 9. dxe5 Qc7 10. Re1 O-O-O 11. Bf1 Ne7 12. a4 Nf5 13. Na3 c4 14.
b3 cxb3 15. Qxb3 Bc5 16. c4 Rhf8 17. Ra2 Qa5 18. Qd1 Bc6 19. Bd3 dxc4 20. Nxc4 Qc3 21. Bb2 Qxd3 22. Nd6+ Rxd6 23. exd6 0-1

[Event "NJSK 2026 Jeugd A"]
[Site "Helmond, Netherlands"]
[Date "2026.04.29"]
[Round "5.1"]
[White "Terlouw, Wouter"]
[Black "Ritzerveld, Noah"]
[Result "1-0"]
[TimeControl "90min/40moves + 30min + 30sec/move"]
[WhiteTitle "-"]
[BlackTitle "-"]
[WhiteFideId "1087401"]
[BlackFideId "1085760"]
[WhiteElo "2272"]
[BlackElo "2205"]

1. d4 d5 2. c4 c6 3. Nf3 Nf6 4. Nc3 e6 5. Qd3 dxc4 6. Qxc4 b5 7. Qd3 a6 8. g4 c5 9. g5 c4 10.
Qe3 Nd5 11. Nxd5 Qxd5 12. Bg2 Bb7 13. O-O Be7 14. b3 cxb3 15. axb3 O-O 16. Bd2 Rc8 17. Rfc1 Rxc1+ 18. Rxc1 Bc6 19.
Rxc6 Nxc6 20. Ne5 Qxd4 21. Qxd4 Nxd4 22. Bxa8 Nxb3 23. Be3 a5 24. Be4 a4 25. Bc2 Na5 26. Bd2 Nb7 27. Bd3 a3 28.
Bxb5 Bxg5 29. e3 a2 30. Bc3 Na5 31. Ba4 Bf6 32. f4 Nc4 33. Kf2 Bh4+ 34. Ke2 Nxe5 35. fxe5 Bd8 36. Bb3 Ba5 37.
Bd4 Bb4 38. Bxa2 Ba3 39. Bb1 Bb4 40. h3 Be7 41. Kd3 h5 42. Kc4 Bd8 43. Bd3 Be7 44. Kb5 Ba3 45. Kc6 Bb4 46. Kd7 Kf8 47.
Bb6 Ba3 48. Bc7 Bc1 49. Bd6+ Kg8 50. e4 Be3 51. Bc4 g5 52. Bxe6 fxe6 53. Kxe6 g4 54. hxg4 hxg4 55. Kd7 g3 56.
e6 g2 57. Bh2 Bf4 58. Bg1 1-0

[Event "NJSK 2026 Jeugd A"]
[Site "Helmond, Netherlands"]
[Date "2026.04.29"]
[Round "5.2"]
[White "Zhu, Chenwu"]
[Black "Kazarjan, Gachatur"]
[Result "1-0"]
[TimeControl "90min/40moves + 30min + 30sec/move"]
[WhiteTitle "-"]
[BlackTitle "-"]
[WhiteFideId "1080687"]
[BlackFideId "1068750"]
[WhiteElo "2282"]
[BlackElo "2272"]

1. e4 c5 2. Nf3 d6 3. d4 cxd4 4.
Nxd4 Nf6 5. Nc3 Nc6 6. Bg5 e6 7. Qd2 a6 8. Nxc6 bxc6 9. O-O-O Be7 10. Bxf6 gxf6 11. Bc4 Qb6 12. f4 Bb7 13. Qe2 d5 14. Bb3 Bd6 15. exd5 Bxf4+ 16. Kb1 cxd5 17. Nxd5 Bxd5 18. Rxd5 Be5 19. Rd3 Ke7 20. Rhd1 Rhd8 21. h3 Rxd3 22. Rxd3 Rg8 23. Rd1 Rg3 24.
a4 Bd6 25. Qe4 h5 26. Ka2 Rg5 27. Rd3 Re5 28. Qa8 Rc5 29. Qe4 Be5 30. Rd2 Bd6 31. Rd4 Re5 32. Qd3 Re1 33. Qc3 Re5 34.
Rc4 Bc5 35. Qf3 Re1 36. Re4 Rc1 37. c3 Bd6 38. Rd4 Bc5 39. Rd1 Rxd1 40. Bxd1 h4 41. b4 Bd6 42. a5 Qb5 43. Be2 Qa4+ 44.
Kb2 Be5 45. Qe4 Qd7 46. Kb3 Qd2 47. Qc2 Qd5+ 48. Bc4 Qc6 49. Qe2 Kf8 50. Qf3 Qd7 51. Bxa6 Qd2 52. Bb5 Qe1 53. Qd3 Qg1 54.
Qc2 f5 55. a6 f4 56. Bd3 Qb6 57. Qe2 Bb8 58. Qe4 f5 59. Qc4 Ke7 60. Qc8 Ba7 61. Bc4 Qe3 62. Qh8 Bb6 63. Qxh4+ Kd6 64.
Qf6 Qe1 65. Qxe6+ Qxe6 66. Bxe6 Kxe6 67. c4 1-0

[Event "NJSK 2026 Jeugd A"]
[Site "Helmond, Netherlands"]
[Date "2026.04.29"]
[Round "5.3"]
[White "Ten Dam, Bram"]
[Black "Dinanath, Hrdya"]
[Result "1-0"]
[TimeControl "90min/40moves + 30min + 30sec/move"]
[WhiteTitle "-"]
[BlackTitle "-"]
[WhiteFideId "40104877"]
[BlackFideId "1087991"]
[WhiteElo "2363"]
[BlackElo "2107"]

1. e4 e5 2. Bc4 Nf6 3. Nc3 Nc6 4. d3 Bb4 5. Nf3 h6 6. O-O d6 7. Nd5 Bc5 8. c3 a6 9. Be3 O-O 10.
Bxc5 dxc5 11. Ne3 Re8 12. a4 Be6 13. Qc2 Bxc4 14. dxc4 Qc8 15. Rad1 a5 16. h3 b6 17. Rfe1 Nd7 18.
Nh4 Nf8 19. Nhf5 Ne6 20. Nd5 Nf4 21. Re3 Nxd5 22. cxd5 Ne7 23. d6 cxd6 24. Nxd6 Qc6 25. Nxe8 Rxe8 26. Re2 Ng6 27. Red2 Nf4 28.
Rd6 Qc8 29. Qb3 Qb7 30. Rd7 1-0

[Event "NJSK 2026 Jeugd A"]
[Site "Helmond, Netherlands"]
[Date "2026.04.29"]
[Round "5.4"]
[White "Kshirsagar, Pranav"]
[Black "Smeets, Kobe"]
[Result "0-1"]
[TimeControl "90min/40moves + 30min + 30sec/move"]
[WhiteTitle "-"]
[BlackTitle "-"]
[WhiteFideId "1084011"]
[BlackFideId "1063910"]
[WhiteElo "2148"]
[BlackElo "2315"]

1. d4 Nf6 2. c4 e6 3. Nf3 d5 4.
Nc3 Nbd7 5. e3 a6 6. Be2 b6 7. O-O Bb7 8.
b3 Bd6 9. Bb2 O-O 10. Bd3 Ne4 11. Rc1 f5 12. Ne2 Qf6 13. c5 bxc5 14. dxc5 Qxb2 15. cxd6 c5 16. b4 Qf6 17. Qa4 Rfd8 18.
Qa5 c4 19. Bxe4 fxe4 20. Nfd4 Rdc8 21. Nf4 Nf8 22. Qb6 Rcb8 23. Qc5 Qf7 24. Nfe2 Qd7 25. Rfd1 Rd8 26. Nc3 Qxd6 27. Qa5 Nd7 28.
Na4 Rdc8 29. Nc5 Nxc5 30. bxc5 Rxc5 31. Qb4 Bc8 32. Nb3 Rc6 33. Rxc4 Qxb4 34. Rxb4 a5 35. Nd4 axb4 36. Nxc6 Rxa2 37. Nxb4 Rb2 38.
Rc1 Bd7 39. Nc2 Kf7 40. Kf1 e5 41. Na3 Ra2 42. Rc7 Ke6 43. Ra7 d4 44. Ra6+ Kd5 45. Ra5+ Ke6 46. Nc4 Rc2 47. Nxe5 d3 48.
Ke1 Re2+ 49. Kf1 Rb2 50. Ke1 Bb5 51. f4 Kd5 52. Ng4 Kc6 53. g3 Kb6 54. Ra8 h5 55. Ne5 Rxh2 56. Rb8+ Kc5 57.
Rc8+ Kd6 58. Nc4+ Bxc4 59. Rxc4 Re2+ 60. Kd1 Rxe3 61. Kd2 Kd5 62. Ra4 Re2+ 63. Kd1 e3 0-1

[Event "NJSK 2026 Jeugd A"]
[Site "Helmond, Netherlands"]
[Date "2026.04.29"]
[Round "5.5"]
[White "Krylov, Philippe"]
[Black "Madularea, David"]
[Result "0-1"]
[TimeControl "90min/40moves + 30min + 30sec/move"]
[WhiteTitle "-"]
[BlackTitle "-"]
[WhiteFideId "1082930"]
[BlackFideId "1070215"]
[WhiteElo "2183"]
[BlackElo "2261"]

1. d4 Nf6 2. c4 e6 3. Nc3 Bb4 4. f3 Ba5 5. e4 d5 6. cxd5 exd5 7. e5 Nfd7 8. f4 c5 9. Nf3 Nc6 10.
Be3 cxd4 11. Nxd4 O-O 12. Be2 Qh4+ 13. g3 Qh3 14. Bf1 Qh6 15. Bg2 Ndxe5 16. Bxd5 Re8 17. Kf1 Bh3+ 18. Bg2 Ng4 19.
Bg1 Nxd4 20. Bxd4 Qc6 21. Rg1 Bxc3 22. Bxh3 Nxh2+ 23. Kf2 Bxd4+ 24. Qxd4 Qf3# 0-1

[Event "NJSK 2026 Jeugd A"]
[Site "Helmond, Netherlands"]
[Date "2026.04.29"]
[Round "5.6"]
[White "Arnold, Rhys"]
[Black "Heus, Daan"]
[Result "1-0"]
[TimeControl "90min/40moves + 30min + 30sec/move"]
[WhiteTitle "-"]
[BlackTitle "-"]
[WhiteFideId "1068849"]
[BlackFideId "40103757"]
[WhiteElo "2315"]
[BlackElo "2049"]

1. e4 e5 2. Nf3 Nc6 3. Bb5 f5 4.
d3 fxe4 5. dxe4 Nf6 6. O-O Bc5 7. Bxc6 bxc6 8. Nxe5 O-O 9. Nc3 d6 10. Na4 Qe8 11. Nd3 Bb6 12. Nxb6 axb6 13. f3 Qf7 14.
b3 Ba6 15. Bb2 Nh5 16. Qd2 d5 17. Rfe1 Rad8 18. exd5 Bxd3 19. Qxd3 Nf4 20. Qf1 Rxd5 21. Bc1 Rfd8 22. Be3 Rg5 23.
Bxf4 Qxf4 24. Re4 Qd2 25. Qe2 Qxe2 26. Rxe2 Kf7 27. a4 Rgd5 28. Kf2 Rd1 29. Rxd1 Rxd1 30. Ke3 Ke6 31. Kf4+ Kf6 32.
h4 Rd4+ 33. Re4 Rd2 34. Rc4 c5 35. g4 g6 36. b4 cxb4 37. Rxc7 h6 38. Rc6+ Kf7 39. Rc4 Kg7 40. Ke5 Rf2 41.
Rc7+ Kf8 42. Kf6 Rxf3+ 43. Kxg6 b3 44. cxb3 Rxb3 45. Rc4 b5 46. axb5 Rxb5 47. Rc8+ Ke7 48. Kxh6 Rb4 49. Kh5 Kf7 50.
Rc7+ Kg8 51. Rc5 Kg7 52. Kg5 Rb7 53. h5 Kh7 54. Re5 Rg7+ 55. Kf5 Rf7+ 56. Ke4 Rf1 57. Rf5 Re1+ 58. Kf4 Kh6 59.
Rf6+ Kg7 60. Ra6 Rf1+ 61. Kg5 Rc1 62. h6+ Kh7 63. Ra7+ Kg8 64. Kh5 Rc2 65. g5 Rc5 66. Ra1 Kh7 67.
Rf1 Rb5 68. Rf4 Ra5 69. Kg4 Kg6 70. Rf6+ Kh7 71. Rf7+ Kg8 72. g6 Ra4+ 73. Rf4 Ra8 74. Kg5 Ra5+ 75. Rf5 Ra8 76. h7+ Kg7 77.
Rf7+ Kh8 78. Kh6 1-0

[Event "NJSK 2026 Jeugd A"]
[Site "Helmond, Netherlands"]
[Date "2026.04.29"]
[Round "5.7"]
[White "Ponomarev, Ivan"]
[Black "Van Arendonk, Polle"]
[Result "1-0"]
[TimeControl "90min/40moves + 30min + 30sec/move"]
[WhiteTitle "-"]
[BlackTitle "-"]
[WhiteFideId "34411003"]
[BlackFideId "1072048"]
[WhiteElo "1983"]
[BlackElo "2060"]

1. c4 Nf6 2. g3 c5 3. Bg2 d5 4. cxd5 Nxd5 5. Nf3 Nc6 6. O-O e5 7. d3 Be7 8. Nc3 Nc7 9. Be3 O-O 10.
Rc1 Bd7 11. a3 Rc8 12. Qc2 Ne6 13. Qb1 f6 14. Nd5 Be8 15. Nxe7+ Qxe7 16. b4 cxb4 17. axb4 Bf7 18. b5 Ncd4 19.
Bxd4 Nxd4 20. Nxd4 exd4 21. Bf3 Qd7 22. b6 a5 23. Qb2 Rfd8 24. Qa3 Bd5 25. Qxa5 Bxf3 26. exf3 Rc6 27. f4 Rdc8 28.
Rxc6 Rxc6 29. Re1 h6 30. Qb5 Qd8 31. Qh5 Kf8 32. Qg6 Rxb6 33. Qh7 Rd6 34. f5 b5 35. Re4 Qd7 36. Qh8+ Kf7 37.
Rg4 Qxf5 38. Rxg7+ Ke6 39. Qg8+ Kd5 1-0